Map: Nightshade LE

Players

Zest

  • Race: Protoss Protoss
  • Spawn Location: 11:00

Liquidthermy (uThermal) - Winner!

  • Race: Terran Terran
  • Spawn Location: 5:00

Event: Shopify TSL 5

VOD

Have the link to the VOD?

Description

Time

  • Played on: May 17, 2020, 7:32 a.m.
  • Length: 7:42

All games in this series

Show
View Real Time Build Order
Export as new Build Order

Zest Protoss 

Build Orders: 1 Gate Expand, Blink Stalkers 

Get SALT Encoding   

  12  0:00  Probe  
  13  0:12  Probe  
  14  0:17  Pylon  
  14  0:25  Probe (Chrono Boost)  
  15  0:37  Probe (Chrono Boost), Gateway  
  16  0:44  Probe (Chrono Boost)  
  16  0:46  Assimilator  
  17  0:51  Probe  
  18  1:03  Probe  
  19  1:15  Probe  
  20  1:24  Cybernetics Core  
  20  1:25  Zealot  
  22  1:38  Nexus  
  22  1:45  Pylon  
  22  1:48  Probe  
  23  2:01  Stalker (Chrono Boost)  
  23  2:03  Probe  
  23  2:04  Warp Gate  
  26  2:10  Assimilator  
  26  2:15  Probe  
  26  2:22  Stalker (Chrono Boost)  
  26  2:27  Probe  
  26  2:29  Pylon  
  29  2:39  Probe  
  30  2:47  Stalker (Chrono Boost)  
  31  2:51  Probe  
  32  3:01  Probe, Twilight Council  
  32  3:03  Probe  
  34  3:11  Gateway  
  34  3:14  Probe  
  35  3:22  Stalker  
  37  3:31  Blink (Chrono Boost)  
  38  3:34  Probe x2  
  38  3:37  Gateway  
  39  3:48  Probe x2  
  41  3:53  Robotics Facility  
  41  3:55  Pylon  
  41  4:00  Probe x2  
  43  4:12  Probe x2  
  43  4:14  Sentry  
  47  4:24  Probe x2, Phoenix  
  47  4:28  Nexus  
  49  4:36  Probe x2  
  51  4:42  Observer  
  51  4:44  Pylon  
  52  4:53  Stalker x2  
  52  4:54  Stalker  
  52  4:58  Pylon  
  58  5:01  Probe, Assimilator  
  58  5:02  Probe  
  60  5:10  Immortal (Chrono Boost)  
  64  5:19  Shield Battery  
  64  5:20  Shield Battery  
  64  5:28  Pylon  
  64  5:34  Gateway  
  64  5:35  Gateway  
  64  5:37  Probe  
  64  5:38  Probe  
  64  5:42  Sentry, Immortal (Chrono Boost)  
  73  5:53  Shield Battery  
  73  5:55  Shield Battery  
  72  6:00  Stalker x2  
  76  6:11  Immortal (Chrono Boost)  
  76  6:14  Shield Battery  
  80  6:19  Shield Battery  
  80  6:30  Zealot x2, Stalker x3  
  88  6:52  Stalker x2  
  91  7:00  Stalker x3  
  85  7:06  Immortal (Chrono Boost)  
  85  7:13  Pylon x2  
  89  7:16  Zealot x2  
  81  7:27  Zealot x2  
  81  7:28  Zealot  
Show
View Real Time Build Order
Export as new Build Order

Liquidthermy Terran - Winner!

Build Orders: Cyclone Opening 

Get SALT Encoding   

  12  0:01  SCV  
  13  0:13  SCV  
  14  0:17  Supply Depot  
  14  0:25  SCV  
  15  0:39  SCV  
  15  0:40  Barracks  
  16  0:45  Refinery  
  16  0:51  SCV  
  16  0:55  Refinery  
  17  1:03  SCV  
  18  1:15  SCV  
  19  1:28  Orbital Command, Reaper  
  20  1:34  Supply Depot  
  20  1:42  Factory  
  21  1:54  SCV  
  21  2:06  SCV  
  22  2:18  SCV  
  23  2:24  Barracks Reactor  
  23  2:27  Factory Tech Lab  
  23  2:28  Command Center  
  23  2:30  SCV  
  24  2:41  Supply Depot  
  24  2:46  Cyclone  
  24  2:49  SCV  
  28  3:02  Marine x2  
  28  3:03  SCV  
  31  3:15  SCV  
  31  3:18  Siege Tank  
  35  3:20  Marine  
  35  3:26  Marine  
  37  3:27  SCV  
  37  3:33  Supply Depot  
  37  3:45  Barracks  
  37  3:53  Barracks  
  37  3:55  SCV  
  38  3:58  Siege Tank  
  38  4:01  Marine  
  38  4:02  Marine  
  43  4:11  Orbital Command  
  43  4:14  SCV  
  44  4:21  Marine x2, Supply Depot  
  46  4:26  SCV  
  47  4:32  Siege Tank  
  47  4:34  Barracks Tech Lab  
  47  4:38  SCV  
  51  4:39  Barracks Tech Lab  
  51  4:41  Marine  
  51  4:43  Marine  
  52  4:48  SCV  
  52  4:50  SCV  
  52  4:52  Marine, Stimpack  
  54  4:57  Supply Depot  
  54  4:58  Combat Shield  
  55  5:00  Marine  
  55  5:01  Marine  
  55  5:05  SCV  
  58  5:08  Siege Tank  
  58  5:11  Marine  
  62  5:19  SCV  
  62  5:20  Marine, Supply Depot  
  62  5:21  Marine  
  65  5:24  SCV  
  65  5:27  Marauder  
  68  5:29  Marauder  
  68  5:32  Supply Depot  
  70  5:41  Siege Tank  
  70  5:42  Supply Depot  
  73  5:43  Marine  
  73  5:44  SCV  
  73  5:47  SCV  
  75  5:51  Marine  
  75  5:56  SCV  
  77  6:00  SCV  
  77  6:02  Marine  
  79  6:09  SCV, Marine, Marauder  
  79  6:10  Supply Depot, Marauder  
  85  6:16  Siege Tank  
  88  6:21  Supply Depot  
  88  6:22  Marine  
  88  6:31  Marine, Marauder  
  91  6:36  SCV  
  91  6:39  Marine x2, Supply Depot  
  93  6:49  Siege Tank  
  93  6:50  Marine  
  93  6:53  Marauder  
  99  6:57  Marauder  
  99  7:00  Marine  
  99  7:08  Marine  
  100  7:14  Marauder  
  101  7:19  Marauder  
Tags
 
Add a new tag
Caveats
  • Supply blocks, unpowered buildings, or Contaminate may cause inaccurate times.
  • Supply counts are checked every 10 seconds.